 Dungeon Crawl Stone Soup version 0.31-a0-986-g5e6e4ef867 (webtiles) character file.

Game seed: 7938180183514286171

51 strifetoe the Chopper (level 4, 0/38 HPs)
             Began as a Meteoran Fighter on Nov 22, 2023.
             Slain by a jackal (2 damage)
             ... on level 3 of the Dungeon.
             The game lasted 00:02:44 (508 turns).

strifetoe the Chopper (Meteoran Fighter)             Turns: 508, Time: 00:02:45

Health: 0/38       AC: 11    Str: 20    XL:     4   Next: 27%
Magic:  5/5        EV:  9    Int:  9    God:
Gold:   23         SH:  4    Dex: 13    Spells: 3/3 levels left

rFire   . . .        a - +0 war axe
rCold   . . .        c - +0 buckler
rNeg    . . .        b - +1 scale mail
rPois   .            (no helmet)
rElec   .            (no cloak)
rCorr   .            (no gloves)
SInv    .            (no boots)
Will    .....        (no amulet) Stlth
                     f - +4 ring of protection
HPRegen 0.26/turn    (no ring)
MPRegen 0.09/turn

%: no passive effects
@: glowing
A: sense surroundings 1, otherworldly, glowing, explore regen
a: no special abilities


You were on level 3 of the Dungeon.
You visited 1 branch of the dungeon, and saw 3 of its levels.

You collected 23 gold pieces.

Inventory:

Hand Weapons
 a - a +0 war axe (weapon)
Missiles
 g - 2 throwing nets
Armour
 b - a +1 scale mail (worn)
 c - a +0 buckler (worn)
Jewellery
 f - a +4 ring of protection (left hand)
Scrolls
 i - a scroll of fog {unknown}
 j - a scroll of identify {unknown}
Potions
 d - a potion of might
 e - a potion of curing {unknown}
 h - a potion of mutation {unknown}


   Skills:
 - Level 3.2 Fighting
 + Level 4.9 Axes
 - Level 3.2 Armour
 - Level 3.2 Shields


You had 3 spell levels left.
You didn't know any spells.
Your spell library was empty.

Dungeon Overview and Level Annotations

Branches:
Dungeon (3/15) Zot: 1262

Altars:

Shops:
D:1 (   D:2 =


Innate Abilities, Weirdness & Mutations

You passively map a small area around you.
You are easily found by Zot.
You glow in the dark.
You regain HP and MP as you explore.


Message History

The jackal bites you. The gnoll barely misses you. The jackal bites you.
The gnoll barely misses you. The jackal attacks as it pursues you!
You block the jackal's attack. The gnoll hits you with a +0 flail.
The jackal closely misses you. The gnoll hits you but does no damage.
The jackal bites you but does no damage.
You barely miss the gnoll. You hit the jackal. The jackal barely misses you.
The gnoll hits you with a +0 flail. The jackal closely misses you.
You closely miss the gnoll. You barely miss the jackal.
You block the gnoll's attack. The jackal bites you.
You completely miss the gnoll. You completely miss the jackal.
The jackal barely misses you. The gnoll hits you with a +0 flail.
The jackal bites you but does no damage.
The gnoll hits you with a +0 flail!
* * * LOW HITPOINT WARNING * * *
You barely miss the gnoll. You barely miss the jackal.
You block the jackal's attack. The gnoll closely misses you.
You block the jackal's attack.
You slash the gnoll!
The gnoll is heavily wounded.
You hit the jackal but do no damage. You block the jackal's attack.
The gnoll hits you with a +0 flail.
* * * LOW HITPOINT WARNING * * *
The jackal bites you.
* * * LOW HITPOINT WARNING * * *
You hit the gnoll.
The gnoll is almost dead.
You hit the jackal but do no damage. The gnoll hits you but does no damage.
You block the jackal's attack. The gnoll closely misses you.
The jackal bites you but does no damage.
You barely miss the gnoll.
The gnoll is almost dead.
You closely miss the jackal. You block the jackal's attack.
The gnoll hits you with a +0 flail.
* * * LOW HITPOINT WARNING * * *
Unknown command.
You hit the gnoll.
You kill the gnoll!
You closely miss the jackal. The jackal bites you.
You die...

#.... #### # #....* #.. #
#.... #.# *#
#####....####.####
#..,.............. #.#
#.......... *
*#########.#######...).....
,
..........................
~~~~~~~~)@..~~~~~~~~††~~~~
~ ~
≈~≈~~~~~h...~~≈≈~≈≈~~≈≈≈≈≈
~
~~~~~≈~~....~~≈~≈~~~~~~≈##
,
............!...........#o
########++++#############.
+ , , , , ,,, *+ , ,, , + ,
+,,, , , ,, ,*,, * *


You could see a jackal.

Vanquished Creatures
  2 gnolls (D:3)
  2 adders (D:2)
  3 ball pythons
  An endoplasm (D:2)
  A giant cockroach (D:1)
  2 goblins
  A hobgoblin (D:2)
  3 jackals (D:3)
  3 kobolds
  2 bats (D:2)
  A frilled lizard (D:2)
  3 rats (D:2)
24 creatures vanquished.

Notes
Turn   | Place    | Note
-------+----------+-------------------------------------------
     0 | D:1      | strifetoe the Meteoran Fighter began the quest for the Orb.
     0 | D:1      | Reached XP level 1. HP: 19/19 MP: 2/2
   197 | D:2      | Reached skill level 3 in Axes
   197 | D:2      | Reached XP level 2. HP: 26/26 MP: 3/3
   245 | D:1      | Found Kefaimi's Antique Weapon Shop.
   317 | D:2      | Reached XP level 3. HP: 31/31 MP: 4/4
   379 | D:2      | Reached skill level 4 in Axes
   417 | D:2      | Found Erimer's Jewellery Boutique.
   465 | D:3      | Reached XP level 4. HP: 35/38 MP: 5/5
   508 | D:3      | Slain by a jackal

Illustrated notes

Levels and vault maps discovered:
D:1:      roderic_chinese_lattice_arrival, layout_loops_ring, serial_shops, shop
D:2:      layout_basic, serial_shops, shop, minmay_vboxes
D:3:      lemuel_castle_with_subvaults [lemuel_castle_interior_carwin_1],
          layout_basic, minmay_bisected

Skill      XL: |  1  2  3 |
---------------+----------+-----
Axes           | 3 4 |  4.9
Fighting       | |  3.2
Armour         | |  3.2
Shields        | |  3.2

Action                     |  1- 3 |  4- 6 || total
---------------------------+-------+-------++-------
  Melee: War axe           |    54 |    15 ||    69
    Use: Scroll            |     3 |       ||     3
 Armour: Scale mail        |    48 |    31 ||    79
  Dodge: Dodged            |    42 |    15 ||    57
  Block: Buckler           |    23 |    10 ||    33

Table legend: (Time is in decaauts)
 A = Elapsed time spent in this place.
 B = Non-inter-level travel time spent in this place.
 C = Inter-level travel time spent in this place.
 D = Time resting spent in this place.
 E = Time spent auto-exploring this place.
 F = Levels seen in this place.
 G = Mean time per level.
                   A        B        C        D        E       F      G
               +--------+--------+--------+--------+--------+-----+--------+
         Total |    536 |    536 |      0 |     32 |     17 |   3 |  178.7 |
       Dungeon |    536 |    536 |      0 |     32 |     17 |   3 |  178.7 |
               +--------+--------+--------+--------+--------+-----+--------+

Top non-repeatable levels by time:
     D:2: 254 daAuts
     D:1: 205 daAuts
     D:3: 76 daAuts
